[Event "*** Titled Tuesday Blitz"]
[Site "Chess.com"]
[Date "2020.05.12"]
[Round "1"]
[White "javirec"]
[Black "Reader777"]
[Result "0-1"]
[WhiteElo "2288"]
[BlackElo "2604"]
[TimeControl "180+1"]
[EndTime "10:08:33 PDT"]
[Termination "Reader777 won on time"]

1. e4 c5 2. Nf3 d6 3. d4 cxd4 4. Nxd4 Nf6 5. Nc3 e6 6. Be2 Be7 7. O-O a6 8. a4 O-O 9. Nb3 Nc6 10. f4 Qc7 11. Bd3 Re8 12. Qe2 b6 13. Bd2 Bb7 14.
Rae1 Nd7 15. Nd1 Nc5 16. Nxc5 bxc5 17. c3 Bf8 18. Ne3 Qd7 19. Qf3 g6 20. Qh3 Bg7 21.
Kh1 Rad8 22. Nc4 Qc7 23. Ne3 Bc8 24. Ng4 h5 25. Ne3 d5 26. e5 Ne7 27. Bb1 Bb7 28.
Nd1 d4 29. Be4 Bxe4 30. Rxe4 Qc6 31. Rfe1 dxc3 32. Bxc3 Rxd1 33. Rxd1 Qxe4 34. Qg3 Nf5 35. Qf2 c4 36. Re1 Qd5 37. h3 h4 38. Kh2 Bf8 39. Re2 Bc5 40. Qf3 Qxf3 41. gxf3 Rd8 42. Kg2 Ne3+ 43. Kh2 Nd5 44. Bd2 Rb8 45. Bc1 Rb3 46. Kg2 Be3 47. Bxe3 Nxe3+ 48. Kf2 Nd5 49. Rc2 Nxf4 50. Rxc4 Nxh3+ 51. Kg2 Ng5 52. f4 Rxb2+ 53.
Kf1 Nf3 54. Rc3 Nd2+ 55. Ke1 Ne4 56. Rh3 Ra2 57. Rxh4 Rxa4 58. Ke2 Rb4 59. Ke3 Nc3 60. Rh2 Nd5+ 61. Kd3 Rxf4 62. Ra2 Rf5 63. Rb2 Rxe5 64. Rb8+ Kg7 65. Ra8 g5 66. Rxa6 Nb4+ 67. Kd4 Nxa6 68.
Kxe5 Kg6 69. Ke4 g4 0-1

[Event "*** Titled Tuesday Blitz"]
[Site "Chess.com"]
[Date "2020.05.12"]
[Round "1"]
[White "tylityli"]
[Black "olomi007"]
[Result "0-1"]
[WhiteElo "2328"]
[BlackElo "2651"]
[TimeControl "180+1"]
[EndTime "10:08:34 PDT"]
[Termination "olomi007 won by resignation"]

1. e4 c5 2. Nf3 d6 3. d4 cxd4 4. Nxd4 Nf6 5. Nc3 g6 6. Be2 Bg7 7. Be3 Nc6 8. O-O O-O 9. Nb3 Be6 10. f4 Na5 11. Nxa5 Qxa5 12. Bf3 Rac8 13. Qd2 Bg4 14. h3 Bxf3 15. Rxf3 Rxc3 16. Qxc3 Qxc3 17. bxc3 Nxe4 18. Bxa7 Nxc3 19. Re1 e6 20. Be3 Ra8 21. Bd2 Nd5 22. c4 Nb6 23. Bc3 Nxc4 24. Bxg7 Kxg7 25. Re2 d5 26.
Rb3 b6 27. Kf2 h5 28. Rc2 Ra4 29. g3 Kf6 30. Kf3 Kf5 31. Rd3 h4 32. g4+ Kf6 33.
Rb3 g5 34. fxg5+ Kxg5 35. Kg2 f6 36. Rf3 Nd6 37. Rc6 Rxa2+ 38. Rf2 Rxf2+ 39. Kxf2 Ne4+ 40. Ke3 e5 41. Rxb6 f5 42. gxf5 Kxf5 43. Rh6 d4+ 44. Kf3 Ng5+ 45. Ke2 Nxh3 46. Rxh4 Nf4+ 47. Kd2 e4 48. Rh8 e3+ 49. Kc2 d3+ 50. Kc3 Ke4 51.
Re8+ Kf3 52. Rd8 Ke2 53. Rh8 d2 54. Rh2+ Ke1 55. Rh1+ Kf2 56. Kc2 Ng2 57. Kd1 Kf3 58. Rf1+ Ke4 59. Rg1 Nf4 60. Rg8 Nh3 61. Rd8 Nf2+ 62. Ke2 d1=Q+ 63. Rxd1 Nxd1 64. Kxd1 Kf3 65. Ke1 e2 66. Kd2 Kf2 0-1

[Event "*** Titled Tuesday Blitz"]
[Site "Chess.com"]
[Date "2020.05.12"]
[Round "1"]
[White "Maybe00"]
[Black "StockholmMissile"]
[Result "0-1"]
[WhiteElo "2835"]
[BlackElo "2453"]
[TimeControl "180+1"]
[EndTime "10:08:38 PDT"]
[Termination "StockholmMissile won on time"]

1. d4 d5 2. c4 c6 3. Nf3 Nf6 4. Nc3 e6 5. Bg5 h6 6. Bh4 g5 7.
Bg3 dxc4 8. e4 b5 9. Be2 Bb7 10.
h4 g4 11. Ne5 Nbd7 12. Bxg4 Rg8 13. Bf3 Rxg3 14. fxg3 Nxe5 15. dxe5 Qxd1+ 16. Rxd1 Nd7 17. O-O Nxe5 18. Be2 Bc5+ 19. Kh2 Ke7 20. a3 Rg8 21. Kh3 Bd6 22. g4 a6 23. g3 Bc5 24. Nb1 Bd6 25.
Nd2 c5 26. Rfe1 Nc6 27. Nf3 Ne5 28. Nxe5 Bxe5 29. Bf3 Bxb2 30. Re2 Bd4 31. g5 hxg5 32. h5 b4 33. axb4 e5 34. bxc5 Bxc5 35. Kg4 Bd4 36.
Kh3 c3 37. Rb1 Bc6 38. Bg4 Bb5 39. Ra2 Rd8 40. Bf5 Be3 41. Rc2 Bd2 42. Rb3 Rd3 43. Kg4 Be1 44. Kh3 Rxg3+ 45. Kh2 Re3 46. h6 Kf6 47. h7 Kg7 48. Ra2 Bd2 49. Rxb5 Re2+ 50. Kh3 g4+ 51. Kxg4 axb5 52. Ra8 Rh2 53. Rg8+ Kf6 54.
h8=Q+ Rxh8 55. Rxh8 c2 56. Rc8 c1=Q 57. Rxc1 Bxc1 58.
Bd7 b4 59. Ba4 Ke7 60. Bb3 f6 61. Kf5 Bg5 62. Bc4 Kd6 63. Bb3 Kc5 64. Kg4 Kd4 65. Bd5 Kc3 66. Kf3 b3 67. Ke2 b2 68.
Ba2 Kc2 0-1

[Event "*** Titled Tuesday Blitz"]
[Site "Chess.com"]
[Date "2020.05.12"]
[Round "1"]
[White "archess2"]
[Black "Berardino"]
[Result "1/2-1/2"]
[WhiteElo "2318"]
[BlackElo "2621"]
[TimeControl "180+1"]
[EndTime "10:08:39 PDT"]
[Termination "Game drawn - insufficient material"]

1. d4 d5 2. c4 e6 3. Nc3 Be7 4. cxd5 exd5 5. Bf4 Nf6 6. e3 O-O 7. Bd3 c5 8. Nf3 Nc6 9. O-O Bg4 10. h3 Bxf3 11.
Qxf3 cxd4 12. exd4 Nxd4 13. Qe3 Ne6 14. Ne2 d4 15.
Qf3 Qd5 16. Qxd5 Nxd5 17. Be5 Rfd8 18. a3 Bf6 19. Bxf6 Nxf6 20. Rfd1 Rd6 21. Rac1 Rad8 22. Bf5 g6 23. Bxe6 fxe6 24. Rd2 e5 25. f3 Rc6 26. Rcd1 Nd5 27. Ng3 Ne3 28. Re1 Rdc8 29. Ne4 Rc2 30. Ree2 Rc1+ 31. Kf2 Rf1+ 32. Kg3 Nf5+ 33. Kg4 Kg7 34. Ng3 h5+ 35. Nxh5+ Kf7 36. Ng3 Ne3+ 37. Kg5 Rfc1 38. Ne4 Rh8 39. g4 Rxh3 40. Nd6+ Ke6 41. Ne8 Rxf3 42. Kxg6 Rg1 43. g5 Rfg3 44. Ng7+ Kd5 45. Kf6 Rxg5 46. Ne8 Rf5+ 47. Ke7 Rh1 48. Nf6+ Kc6 49. b4 Rhf1 50. b5+ Kxb5 51. Rb2+ Kc4 52.
Ne4 Rf7+ 53. Ke6 Kd3 54. Nc5+ Kc4 55. Nd7 R1f3 56. Nxe5+ Kc3 57. Nxf7 Nc4 58. Rbc2+ Kd3 59. Ne5+ Nxe5 60. Kxe5 Re3+ 61. Rxe3+ dxe3 62. Rb2 e2 63. Rb1 Kd2 64. Rb2+ Kd1 65. Rb1+ Kd2 66. Rh1 e1=Q+ 67. Rxe1 Kxe1 68. Kd6 Kd2 69. Kc7 b5 70. Kc6 Kc3 71.
Kxb5 Kb3 72. Ka6 Kxa3 73. Kxa7 1/2-1/2

[Event "*** Titled Tuesday Blitz"]
[Site "Chess.com"]
[Date "2020.05.12"]
[Round "1"]
[White "IMinTheWings"]
[Black "Pomegranate988"]
[Result "1/2-1/2"]
[WhiteElo "2199"]
[BlackElo "2526"]
[TimeControl "180+1"]
[EndTime "10:08:40 PDT"]
[Termination "Game drawn by repetition"]

1. c4 g6 2. d4 Bg7 3. Nc3 Nf6 4.
e4 d6 5. Be2 O-O 6. Be3 c5 7. d5 e6 8. Nf3 exd5 9. cxd5 Re8 10.
Nd2 a6 11. a4 Nbd7 12. O-O Rb8 13. a5 b5 14. axb6 Nxb6 15. h3 Nbd7 16. Qc2 Rb4 17. Nc4 Nb6 18. Na5 Bd7 19. Bd3 Qc7 20.
Bd2 Bb5 21. Nxb5 Rxb5 22. Bxb5 axb5 23. f3 Nh5 24. Nc6 Nc4 25. Ra2 Nxd2 26. Qxd2 c4 27. Kh2 Qb6 28. Qf2 Qxf2 29. Rxf2 Nf4 30. Ra5 Nd3 31.
Rc2 Nxb2 32. Rxb5 c3 33. Rb4 f5 34. exf5 gxf5 35. Nd4 Be5+ 36. Kg1 Nd1 37. Ne2 Ra8 38. f4 Bf6 39. Kh2 Ra1 40. Rc4 Ne3 41. R4xc3 Nxc2 42. Rxc2 Rd1 43. Rc8+ Kf7 44. Ng3 Rxd5 45. Rc7+ Kg6 46. Rd7 Rd2 47. Ra7 d5 48. Ra5 h5 49. Nf1 Rd3 50. Ra2 h4 51. Rd2 Rxd2 52. Nxd2 Bd8 53.
Kg1 Bb6+ 54. Kf1 Be3 55. Nf3 Bxf4 56. Nxh4+ Kf6 57. Nf3 Bg3 58. Ke2 Bc7 59. Kd3 Bb6 60. Nd4 f4 61. Ne2 Kf5 62. Nd4+ Ke5 63. Nf3+ Kf5 64. Nd4+ Kg5 65. Nf3+ Kf6 66. Nd4 Bc5 67. Nf3 Kf5 68. Nd4+ Ke5 69. Nf3+ Kf5 70. Nd4+ Ke5 71. Nf3+ Kf5 1/2-1/2

[Event "*** Titled Tuesday Blitz"]
[Site "Chess.com"]
[Date "2020.05.12"]
[Round "1"]
[White "viditchess"]
[Black "Kavyev_Ruslan"]
[Result "1-0"]
[WhiteElo "2944"]
[BlackElo "2457"]
[TimeControl "180+1"]
[EndTime "10:08:45 PDT"]
[Termination "viditchess won by checkmate"]

1. d4 Nf6 2. c4 g6 3. g3 c6 4. Bg2 d5 5. Nf3 Bg7 6. O-O O-O 7. Nbd2 Bf5 8. b3 a5 9. Bb2 Qc8 10. Rc1 Qd8 11. e3 Nbd7 12. Qe2 Ne4 13. cxd5 cxd5 14.
Qb5 Nd6 15. Qe2 Nf6 16. Ne5 Nfe4 17. Nb1 a4 18. f3 Nf6 19. g4 Bxb1 20. Rxb1 axb3 21.
axb3 Qb6 22. g5 Nh5 23. Nd7 Qxb3 24. Nxf8 Rxf8 25. Ba1 Qc4 26. Qd2 Qa6 27. Rfc1 Nc4 28. Qe2 Qe6 29. Re1 b6 30. f4 h6 31. Rb5 Rd8 32.
Bf3 hxg5 33. fxg5 Qf5 34. Qg2 e6 35. Bxh5 gxh5 36. e4 Qf4 37. exd5 Ne3 38. Qg3 Qxg3+ 39. hxg3 Nxd5 40. Kg2 Rc8 41. Re2 Kh7 42. Rf2 Kg6 43.
Bb2 Rc7 44. Kh3 Kxg5 45. Ba3 Kg6 46. Bd6 Rc6 47. Be5 Bxe5 48. dxe5 Rc4 49. Rb3 Re4 50. Rbf3 Rxe5 51. Rxf7 Rf5 52. R2xf5 exf5 53. Rd7 Nf6 54. Rd6 Kg5 55. Rxb6 Ne4 56. Rb5 Nf6 57. Rb8 Ne4 58. Rg8+ Kf6 59. Kh4 Kf7 60. Rh8 Nf6 61. Kg5 Ne4+ 62.
Kf4 Nd6 63. Rxh5 Kf6 64. Rh6+ Ke7 65. Rxd6 Kxd6 66. Kxf5 Ke7 67. Kg6 Kf8 68. g4 Kg8 69. g5 Kh8 70. Kf7 Kh7 71. g6+ Kh8 72. g7+ Kh7 73.
g8=Q+ Kh6 74. Qg6# 1-0

[Event "*** Titled Tuesday Blitz"]
[Site "Chess.com"]
[Date "2020.05.12"]
[Round "1"]
[White "obliviate12"]
[Black "realmadridtv"]
[Result "0-1"]
[WhiteElo "2789"]
[BlackElo "2439"]
[TimeControl "180+1"]
[EndTime "10:08:48 PDT"]
[Termination "realmadridtv won on time"]

1. e4 e5 2. Nf3 Nc6 3. Bc4 Bc5 4. c3 Nf6 5. d3 a6 6. a4 d6 7. Bg5 h6 8. Bh4 g5 9. Bg3 Ba7 10. O-O Bg4 11. Nbd2 O-O 12. Re1 Qe7 13. Nf1 Rae8 14. Ne3 Bxe3 15. fxe3 a5 16. Rf1 Kg7 17. Qb3 Nd8 18. Rae1 Be6 19. Nd2 Nd7 20. Qc2 Nb6 21.
Bb3 Bxb3 22. Qxb3 Qe6 23. Qc2 Nd7 24. Rf5 Nc6 25. Ref1 f6 26. h3 Ne7 27. R5f2 Nb6 28. Bh2 Rd8 29. b3 c5 30. d4 Rc8 31. d5 Qg8 32. c4 Ng6 33. Qc3 Ra8 34. Rb1 Nd7 35. Nf1 b6 36. Ng3 Nh4 37. Rbf1 Qf7 38. Qd3 Qg6 39. Qe2 Rf7 40. Qg4 Raf8 41. Nh5+ Kh8 42. g3 f5 43. Qe2 g4 44. gxh4 Qxh5 45. exf5 Rxf5 46. Rxf5 Rxf5 47. Rxf5 Qxf5 48. hxg4 Qe4 49. Kf2 Nf6 50. Kg3 Qb1 51. h5 Ne4+ 52. Kh3 Ng5+ 53.
Kh4 Qh1 54. Qf2 Kg7 55. Qe2 Nf3+ 56. Kg3 Ng5 57. Qg2 Qe1+ 0-1

[Event "*** Titled Tuesday Blitz"]
[Site "Chess.com"]
[Date "2020.05.12"]
[Round "1"]
[White "Anuar_Is"]
[Black "Ekka83"]
[Result "1-0"]
[WhiteElo "2771"]
[BlackElo "2406"]
[TimeControl "180+1"]
[EndTime "10:08:51 PDT"]
[Termination "Anuar_Is won on time"]

1. e4 e6 2. d4 d5 3. Nc3 Nf6 4. e5 Nfd7 5. f4 c5 6. Nf3 Nc6 7. Be3 cxd4 8. Nxd4 Bc5 9. Qd2 Nxd4 10. Bxd4 Bxd4 11.
Qxd4 Qb6 12. Qxb6 Nxb6 13. h4 h5 14. O-O-O g6 15. Rh3 Ke7 16. Ne2 Bd7 17. Rb3 Rac8 18. Nd4 Ba4 19. Ra3 a6 20. g3 Rc7 21.
Rd2 Rhc8 22. Re3 Nd7 23. b3 Bc6 24. Kb2 Nc5 25. a4 Bd7 26. Rd1 Ne4 27. Bd3 Nf2 28. Rd2 Nxd3+ 29. Rexd3 b5 30. axb5 axb5 31. b4 Rc4 32. c3 Ra8 33. Rd1 f6 34. Re3 Ra4 35. exf6+ Kxf6 36. Rde1 Rxd4 37. cxd4 Rxb4+ 38. Kc3 Rc4+ 39. Kd3 b4 40. R3e2 Rc3+ 41. Kd2 Rxg3 42. Re5 Rg4 43. Ke3 Rxh4 44. Rf1 b3 45. Kd2 Bb5 46. Rf2 Rh3 47. Rg5 Rd3+ 48. Kc1 Rxd4 49. Rg3 Bd3 50. Kb2 Bc4 51. Rfg2 Rxf4 52. Rxg6+ Ke5 53. R2g5+ Kd6 54.
Rg2 h4 55. Rh6 d4 56. Rh2 Kd5 57. Ka3 e5 58. Kb4 d3 59. Rh8 Ba6+ 60. Kc3 e4 61. Rh5+ Kc6 62. Rg2 Rf6 63. Kd4 Re6 64. Ke3 Kd6 65.
Rxh4 Bb7 66. Rh5 Bd5 67. Rgg5 Bc6 68. Rh2 Rf6 69. Kd4 Rf3 70. Rh6+ Kc7 71. Rc5 1-0

[Event "*** Titled Tuesday Blitz"]
[Site "Chess.com"]
[Date "2020.05.12"]
[Round "1"]
[White "PavelShkapenko"]
[Black "Pintacara"]
[Result "1-0"]
[WhiteElo "2623"]
[BlackElo "2301"]
[TimeControl "180+1"]
[EndTime "10:08:54 PDT"]
[Termination "PavelShkapenko won on time"]

1. e4 c5 2. c3 e6 3. d4 Nf6 4. e5 Nd5 5. Nf3 cxd4 6. cxd4 b6 7. Nc3 Bb7 8. Bd3 d6 9. O-O Be7 10. exd6 Qxd6 11. Ne4 Qd8 12. Ne5 O-O 13. Qh5 g6 14.
Qh6 Nd7 15. Ng5 N7f6 16. Nxg6 hxg6 17. Bxg6 fxg6 18. Qxg6+ Kh8 19. Qh6+ Kg8 20. Nxe6 Rf7 21. Qg6+ Kh8 22. Nxd8 Rg7 23. Qh6+ Kg8 24. Ne6 Rh7 25.
Qg6+ Kh8 26. Ng5 Rg7 27. Qh6+ Kg8 28. Qh3 Bc8 29. Qb3 Bb7 30. Bd2 Rd8 31. Rfe1 Rd7 32.
f3 a5 33. Ne4 Nxe4 34. fxe4 a4 35. Qb5 Nf6 36. Qf5 Bc8 37. Qf3 Bb7 38. Bf4 Ng4 39. Bg3 Bf6 40. Rad1 Bxd4+ 41. Rxd4 Rxd4 42.
Qf5 Rdd7 43. e5 Rde7 44. e6 Nh6 45.
Qf6 Ng4 46. Qd4 Kh7 47. Qxa4 Bd5 48. Bh4 Rxe6 49. Rxe6 Bxe6 50. h3 Nh6 51. Kh2 Rg6 52. Bg3 Nf7 53. Qh4+ Kg7 54. Bf2 Bxa2 55. Bd4+ Kf8 56.
Qf4 Re6 57. Qb8+ Ke7 58. Bxb6 Bd5 59. Bc5+ Kf6 60. Qf4+ Kg6 61. b4 Ng5 62. Be3 Nf7 63. Qg4+ Kf6 64. Bd4+ Ke7 65. b5 Kd7 66. b6 Nd6 67.
Qf4 Kc6 68. Qc1+ Nc4 69. Qf4 Re2 70. Qc7+ Kb5 71. Qc5+ Ka6 72. Qxd5 1-0

[Event "*** Titled Tuesday Blitz"]
[Site "Chess.com"]
[Date "2020.05.12"]
[Round "1"]
[White "FMJoseHerrera"]
[Black "InitiatingASC"]
[Result "1-0"]
[WhiteElo "2618"]
[BlackElo "2298"]
[TimeControl "180+1"]
[EndTime "10:08:54 PDT"]
[Termination "FMJoseHerrera won by resignation"]

1. Nf3 Nf6 2. g3 e6 3. Bg2 d5 4. O-O Be7 5. d3 O-O 6. c3 Nbd7 7. a3 c6 8. b4 Re8 9. Nbd2 e5 10. Qc2 Bf8 11. e3 g6 12. Bb2 Bg7 13. Rac1 Nf8 14. Qb1 Bf5 15. Rfd1 Qd7 16. e4 Bh3 17. Bh1 Rad8 18. Nf1 Bh6 19. Ne3 Ng4 20. Re1 dxe4 21.
dxe4 Nxe3 22. fxe3 Qd3 23. Kf2 f6 24. Qa2+ Be6 25.
Qb1 Bc4 26. Bg2 Qxb1 27. Rxb1 Bd3 28. Rbd1 Bxe4 29. Bf1 b5 30. h3 Ne6 31. g4 Ng5 32. Nd2 Bc2 33. Bg2 Bxd1 34. Rxd1 Rd6 35. Bc1 Red8 36. Ke2 f5 37. gxf5 gxf5 38. Rf1 Rf8 39. h4 Ne6 40. Bh3 f4 41. Ne4 Rfd8 42. Nxd6 Rxd6 43.
Rd1 f3+ 44. Ke1 Rxd1+ 45. Kxd1 Kf7 46. Bf5 Nc7 47. Be4 Nd5 48. Bxf3 Nxc3+ 49. Kc2 Nd5 50. Kd3 Ke6 51. Be4 Kd6 52. Bxh7 Nb6 53. Be4 Nc4 54. h5 a5 55. Bg6 axb4 56. axb4 c5 57. bxc5+ Kxc5 58. Bf7 Nd6 59. Be6 b4 60. Bb2 e4+ 61. Ke2 Nc4 62. Bd4+ Kb5 63. Bd7+ Ka5 64. Bc6 b3 65.
Bxe4 Kb4 66. Bb1 Na3 67. Bg6 Nc2 68. Bxc2 bxc2 69. Kd2 c1=Q+ 70. Kxc1 Kc4 71. Kd2 Kd5 72. Kd3 Ke6 73. e4 Kd6 74. Be3 Ke6 1-0

[Event "*** Titled Tuesday Blitz"]
[Site "Chess.com"]
[Date "2020.05.12"]
[Round "1"]
[White "Malysch"]
[Black "Jospem"]
[Result "0-1"]
[WhiteElo "2437"]
[BlackElo "2857"]
[TimeControl "180+1"]
[EndTime "10:08:55 PDT"]
[Termination "Jospem won on time"]

1. e4 c5 2. Nf3 d6 3. d4 cxd4 4. Nxd4 Nf6 5. Nc3 a6 6. Be3 e5 7. Nf3 Be7 8. Bc4 O-O 9. O-O Qc7 10. Qe2 Be6 11. Bb3 Re8 12. Rfd1 Nbd7 13. Nh4 g6 14. h3 Rac8 15. Nf3 b5 16. Rac1 Qb7 17.
Nd5 Nxe4 18. Bh6 Ndc5 19. Nxe7+ Rxe7 20. Ng5 Ree8 21. Bxe6 fxe6 22. Nxe4 Nxe4 23. f3 Ng3 24. Qf2 Nf5 25. Bg5 d5 26. c3 Qf7 27. g4 Nd6 28.
Qg3 Qg7 29. Re1 Nf7 30. Bd2 g5 31. h4 h6 32. hxg5 hxg5 33. Kg2 Qf6 34. Rh1 Kg7 35. Rh5 Rh8 36. Rch1 Rxh5 37. Rxh5 Rh8 38. Rxh8 Kxh8 39. Qf2 Qg6 40. Qa7 Kg8 41. Qa8+ Kg7 42. Be3 Qd3 43. Bf2 e4 44. fxe4 Qxe4+ 45. Kf1 Qd3+ 46. Kg2 Qe4+ 47. Kf1 Qxg4 48. Qxa6 Qd1+ 49. Kg2 Qg4+ 50. Kf1 Qc4+ 51.
Kg2 g4 52. Qxe6 Qxa2 53. Bd4+ Kf8 54. Qc8+ Ke7 55. Qc7+ Ke6 56. Qc6+ Nd6 57. Bc5 Qxb2+ 58. Kg1 Qc1+ 59. Kg2 Qd2+ 60. Kg1 Qc1+ 61. Kg2 Qd2+ 62. Kg1 Qe1+ 63. Kg2 Qe4+ 64. Kg1 Qe5 65. Bxd6 Qxd6 66. Qxb5 Qg3+ 67. Kf1 Qf3+ 68. Kg1 Ke5 69. Qe8+ Kf4 70. Qf7+ Ke3 71. Qe6+ Kd3 72. Qc6 Kd2 0-1

[Event "*** Titled Tuesday Blitz"]
[Site "Chess.com"]
[Date "2020.05.12"]
[Round "1"]
[White "Nafania1"]
[Black "LiamVrolijk"]
[Result "0-1"]
[WhiteElo "2422"]
[BlackElo "2810"]
[TimeControl "180+1"]
[EndTime "10:08:55 PDT"]
[Termination "LiamVrolijk won on time"]

1. e4 e5 2. Nf3 Nc6 3. Bb5 a6 4. Ba4 Nf6 5. O-O b5 6. Bb3 Bc5 7. c3 d6 8. d4 Bb6 9. Be3 O-O 10.
Nbd2 h6 11. dxe5 dxe5 12. Qe2 Bxe3 13. Qxe3 Qe7 14. a4 Bb7 15. Rfd1 Rfd8 16. Qe2 Na5 17. Bc2 b4 18. Nc4 Nc6 19. a5 Qc5 20. Nfd2 bxc3 21.
bxc3 Bc8 22. Ba4 Bg4 23. Nf3 Rxd1+ 24. Rxd1 Nxa5 25. Nxa5 Qxa5 26. Bc6 Rb8 27. c4 Qc5 28.
Ba4 Bxf3 29. gxf3 g6 30. Qe3 Qxc4 31. Ra1 Kg7 32. Bd1 c5 33. Be2 Qd4 34. Rxa6 Nh5 35.
Qxd4 cxd4 36. Ra1 Nf4 37. Bc4 Rb4 38. Bd5 Nxd5 39. exd5 Rb5 40. Rd1 Rxd5 41. Kf1 Kf6 42. Ra1 Kg5 43. Ra7 f5 44. Ke2 Rb5 45. Re7 Rb2+ 46.
Kf1 Kf4 47. Kg2 e4 48. fxe4 fxe4 49. Rf7+ Ke5 50. Re7+ Kf5 51. Kg3 Rb3+ 52. Kg2 e3 53.
fxe3 Rxe3 54. Rd7 Re2+ 55. Kf3 Rxh2 56. Rxd4 Rh3+ 57. Kg2 Ra3 58. Rd5+ Ke6 59. Rb5 h5 60. Rb6+ Kf5 61. Rb5+ Kg4 62. Rb4+ Kg5 63. Rb5+ Kh6 64.
Rb8 h4 65. Rb4 Kh5 66. Rb8 g5 67. Kh2 Ra2+ 68. Kg1 h3 69. Rb3 g4 70. Rb8 Kh4 71.
Rb3 Ra1+ 0-1

[Event "*** Titled Tuesday Blitz"]
[Site "Chess.com"]
[Date "2020.05.12"]
[Round "1"]
[White "SameerMujumdar"]
[Black "lionheart95"]
[Result "0-1"]
[WhiteElo "2174"]
[BlackElo "2529"]
[TimeControl "180+1"]
[EndTime "10:08:55 PDT"]
[Termination "lionheart95 won by resignation"]

1. e4 g6 2. Nf3 Bg7 3. d4 c6 4. Bd3 d5 5. e5 Nh6 6. O-O O-O 7. Bg5 f6 8. exf6 exf6 9. Bf4 Nf7 10. c3 Nd7 11. Re1 g5 12. Bg3 f5 13. Bxf5 Nf6 14. Bxc8 Rxc8 15. Nbd2 Qb6 16. Qb3 Rce8 17. h3 h6 18. a4 Qa6 19. Qc2 Qa5 20. Nb3 Qd8 21. Nc5 Qc8 22. a5 b6 23. axb6 axb6 24. Nd3 Ne4 25. Bh2 g4 26. hxg4 Qxg4 27. Re3 Qh5 28. Nf4 Qg4 29. Rae1 h5 30. Nd2 Nxd2 31. Qxd2 Rxe3 32.
Qxe3 Ng5 33. Kh1 h4 34. f3 Qf5 35. Ne6 Re8 36. Qxg5 Qxg5 37. Nxg5 Rxe1+ 38. Bg1 Bh6 39. Nh3 Be3 40. Kh2 Bxg1+ 41. Nxg1 Rb1 42. b4 Rc1 43. Ne2 Rc2 44. Nf4 Rxc3 45. b5 cxb5 46. Nxd5 Rc4 47. Nc7 Rxd4 48. Nxb5 Rd5 49. Nc3 Rc5 50. Ne4 Rc6 51.
Kh3 b5 52. Kxh4 b4 53. Nd2 Rc3 54. g4 b3 55. Nxb3 Rxb3 56. f4 Rb4 57. f5 Kg7 58.
Kg5 Rd4 59. Kh5 Kf6 60. Kh6 Rxg4 61. Kh5 Kxf5 0-1

[Event "*** Titled Tuesday Blitz"]
[Site "Chess.com"]
[Date "2020.05.12"]
[Round "1"]
[White "Phriex"]
[Black "Chessialist"]
[Result "1-0"]
[WhiteElo "2303"]
[BlackElo "2586"]
[TimeControl "180+1"]
[EndTime "10:08:57 PDT"]
[Termination "Phriex won by resignation"]

1. d4 Nf6 2. c4 e5 3. dxe5 Ng4 4. Nf3 Bc5 5. e3 Nc6 6. Be2 O-O 7. O-O Ngxe5 8. b3 Nxf3+ 9. Bxf3 Ne5 10. Bb2 Nxf3+ 11.
Qxf3 Qg5 12. Nd2 Qg6 13. Ne4 Be7 14. Ng3 d6 15. h3 a5 16. Nh5 f6 17. Nf4 Qf7 18. a4 Re8 19. Rfd1 Bf8 20. Rd2 Rb8 21.
Rad1 b6 22. Qd5 Bb7 23. Qxf7+ Kxf7 24. Nd5 Rbc8 25. g4 Bc6 26. Bc3 Bd7 27. Rd3 Be7 28. f3 Bd8 29. e4 h5 30. Kg2 hxg4 31. hxg4 Rh8 32. Rh1 Rxh1 33. Kxh1 c6 34. Ne3 Bc7 35. Kg2 Be6 36. Nf5 Rd8 37. Nd4 Bd7 38. Nf5 Be8 39.
Ne3 g6 40. Kf2 Bd7 41. Bb2 Be6 42. Ba3 Ke7 43. f4 Rh8 44. f5 gxf5 45. exf5 Bf7 46.
Bb2 Rh2+ 47. Ng2 d5 48. Re3+ Kf8 49. Bxf6 dxc4 50. bxc4 Bxc4 51. Kg1 Bd5 52. Nh4 Rxh4 53. Bxh4 b5 54. Be7+ Kg8 55. Bc5 bxa4 56. Re8+ Kf7 57. Re7+ Kf6 58. Rxc7 Bf3 59. Rc8 Bxg4 60. Rf8+ Ke5 61.
f6 Ke6 62. Be7 Bh5 63. Ra8 Be2 64. Rxa5 Bb5 65. Kf2 Kf7 66. Ke3 Ke6 67. Kd4 Kf7 68. Kc5 Ke6 69. Kb4 Kf7 70. Ra7 Ke6 71. Bd8 a3 72. f7 1-0

[Event "*** Titled Tuesday Blitz"]
[Site "Chess.com"]
[Date "2020.05.12"]
[Round "1"]
[White "Kezin_Roman"]
[Black "dianosky"]
[Result "1-0"]
[WhiteElo "2787"]
[BlackElo "2411"]
[TimeControl "180+1"]
[EndTime "10:08:58 PDT"]
[Termination "Kezin_Roman won by checkmate"]

1. d4 d5 2. c4 dxc4 3. e3 a6 4. Bxc4 Nf6 5. Nf3 b5 6. Bd3 e6 7. Qe2 c5 8. dxc5 Nbd7 9. b4 Bb7 10. Bb2 Be7 11. O-O O-O 12. Nbd2 Qc7 13. Rfd1 Rad8 14.
h3 Nb8 15. Ne5 Nd5 16. a3 a5 17. bxa5 Qxa5 18. Rac1 b4 19. c6 bxa3 20. Ndc4 Qa7 21.
Bd4 Qa8 22. cxb7 Qxb7 23. Rb1 Qa8 24. Qh5 f5 25. Qe2 Nc6 26. Nxc6 Qxc6 27. Ra1 Ra8 28. Ne5 Qa4 29. Bb5 Qa5 30. Bc4 Rac8 31. Bxd5 Qxd5 32.
Qd3 Rfd8 33. f4 Rb8 34. Rd2 Rb3 35. Qc4 Bb4 36. Qxd5 Rxd5 37. Rc2 h6 38. Kf2 Rxd4 39. exd4 Bc3 40. Rxc3 Rxc3 41. Nf3 Rb3 42. Ke2 Rb2+ 43. Kd3 a2 44. Nd2 Kf7 45. Kc3 Rb7 46. Rxa2 Rc7+ 47. Kd3 Rc1 48. Nf3 Rd1+ 49. Rd2 Ra1 50. Re2 Ra3+ 51. Kd2 Kf6 52. Ke1 Rd3 53. Kf2 Rd1 54.
Rd2 Rb1 55. d5 exd5 56. Rxd5 Rb2+ 57. Kg3 Rb6 58. Nd4 g6 59. Nf3 Re6 60. Rc5 g5 61.
Rc4 Re3 62. Rc6+ Kg7 63. fxg5 hxg5 64. Kf2 Ra3 65. Nxg5 Ra2+ 66. Kg1 Ra3 67. Nf3 Ra2 68. Kh2 Ra3 69. Kg3 Ra4 70. Rc5 Kf6 71. Rc6+ Kf7 72.
h4 Ke7 73. h5 Rg4+ 74. Kh3 Kf7 75. Rg6 Rc4 76. Ra6 Kg7 77. h6+ Kh7 78. Ng5+ Kg8 79. Ra8+ Rc8 80. Rxc8# 1-0

[Event "*** Titled Tuesday Blitz"]
[Site "Chess.com"]
[Date "2020.05.12"]
[Round "1"]
[White "Barbus89"]
[Black "Paladin61"]
[Result "1-0"]
[WhiteElo "2372"]
[BlackElo "2669"]
[TimeControl "180+1"]
[EndTime "10:08:58 PDT"]
[Termination "Barbus89 won on time"]

1. d4 Nf6 2. Nf3 g6 3. g3 Bg7 4.
Bg2 O-O 5. O-O d6 6. Nc3 d5 7.
Bf4 c6 8. Qd2 Bf5 9. Ne5 Nbd7 10. h3 h5 11. Rad1 Re8 12. Rfe1 Qa5 13. a3 Rad8 14. Kh2 Nf8 15. Bh6 Bh8 16. Bf3 Qc7 17. Kg2 Ne4 18. Bxe4 dxe4 19. g4 hxg4 20. hxg4 Bc8 21. Qf4 Bxe5 22. dxe5 Ne6 23. Qg3 Rxd1 24. Rxd1 Rd8 25. Rh1 b6 26. Qh2 c5 27. Bg7 f6 28.
Qh7+ Kf7 29. Bxf6+ Ke8 30. Qxg6+ Kd7 31. Rh7 Re8 32.
Qf5 Bb7 33. e3 Qc6 34. g5 Kd8 35. Bxe7+ Rxe7 36. Rxe7 Kxe7 37. Qf6+ Ke8 38. g6 Qd7 39. Nb5 Qe7 40. Nd6+ Kd7 41. g7 Qxg7+ 42. Qxg7+ Nxg7 43. Nc4 Ba6 44. Nd2 Ne6 45. Kg3 Bb7 46. Kg4 Bc6 47.
Kf5 Ke7 48. Nxe4 Ng7+ 49. Kf4 Ne6+ 50. Kf5 Ng7+ 51. Kf4 Bd5 52. Nd6 Ne6+ 53. Kf5 Bc6 54. Nc8+ Kd7 55. Nxa7 Bb7 56. Nb5 Ng7+ 57. Kf6 Ne8+ 58.
Kf7 Bd5+ 59. Kg6 Ke6 60. f4 Be4+ 61. Kg5 Bxc2 62. b4 c4 63. Nc3 Bd3 64. e4 Nc7 65. a4 Na6 66. a5 bxa5 67. bxa5 Nc5 68. f5+ Kxe5 69. f6 1-0

[Event "*** Titled Tuesday Blitz"]
[Site "Chess.com"]
[Date "2020.05.12"]
[Round "1"]
[White "Kingsman132"]
[Black "MikaelyanArman"]
[Result "0-1"]
[WhiteElo "2346"]
[BlackElo "2672"]
[TimeControl "180+1"]
[EndTime "10:08:58 PDT"]
[Termination "MikaelyanArman won by checkmate"]

1. e4 e5 2. Nf3 Nc6 3. Bc4 Bc5 4. c3 Nf6 5. d4 exd4 6. cxd4 Bb4+ 7. Bd2 Bxd2+ 8.
Nbxd2 d5 9. exd5 Nxd5 10. Qb3 Nce7 11. O-O O-O 12. Rfe1 c6 13. a4 a5 14. Ne5 Qc7 15. Rac1 Be6 16. Ndf3 h6 17. Qd3 Nb4 18. Qe4 Bxc4 19.
Nxc4 Ned5 20. Nfe5 Rad8 21. Qf5 Rfe8 22. Ne3 f6 23.
Nxd5 Rxd5 24. Qg6 Rf8 25. Ng4 Rg5 26. Qe4 Kh8 27. h4 Rd5 28. Ne3 Rd7 29. d5 Qd8 30.
dxc6 Nxc6 31. Qg6 Ne5 32. Qh5 Nd3 33. b3 Nxc1 34. Rxc1 Qe8 35. Qxa5 Qe5 36. Qxe5 fxe5 37. Nc4 e4 38. Re1 Rd3 39. Ne5 Rd6 40. Rxe4 Kh7 41. Nf3 Rb6 42. b4 Rc8 43. a5 Rd6 44. Ne5 Rc1+ 45.
Kh2 Rc2 46. Kg3 Re6 47. Re3 Rb2 48. Nd3 Rxe3+ 49. fxe3 Rb3 50. Nc5 Rxb4 51. a6 bxa6 52. Nxa6 Rc4 53. Nb8 Re4 54. Kf3 Rxh4 55. Nd7 Ra4 56.
g3 Kg6 57. Ne5+ Kf6 58. Nd3 Kf5 59. Nf4 Ra1 60. g4+ Kf6 61. Ke4 g5 62. Nh5+ Kg6 63.
Ng3 Ra4+ 64. Kf3 Rb4 65. Ne4 h5 66. gxh5+ Kxh5 67. Nf6+ Kh4 68. e4 Rb3+ 69. Kf2 g4 70. e5 Rb2+ 71. Ke3 g3 72. e6 g2 73. e7 g1=Q+ 74.
Kf4 Qf2+ 75. Ke5 Re2+ 76. Kd6 Qxf6+ 77. Kd7 Rxe7+ 78. Kd8 Qf8# 0-1